 Dungeon Crawl Stone Soup version 0.31-a0-523-g071a6c1ffa (webtiles) character file.

Game seed: 17809586062774305449

421 Ofeo the Trooper (level 6, -4/58 HPs)
             Began as a Draconian Hunter on Aug 11, 2023.
             Slain by Pikel
             ... wielding a +1 whip of flaming
              (9 damage)
             ... on level 4 of the Dungeon.
             The game lasted 00:04:48 (4449 turns).

Ofeo the Trooper (Draconian Hunter)                 Turns: 4449, Time: 00:04:49

Health: -4/58      AC:  7    Str: 13    XL:     6   Next: 62%
Magic:  6/6        EV: 12    Int: 10    God:
Gold:   162        SH:  0    Dex: 16    Spells: 5/5 levels left

rFire   . . .        b - +1 dagger (elec)
rCold   . . .        (no shield)
rNeg    . . .        (body armour unavailable)
rPois   .            (helmet restricted)
rElec   .            d - scarf {shadows}
rCorr   .            g - +0 pair of gloves
SInv    .            (no boots)
Will    .....        (no amulet)
Stlth   ++           (no ring)
HPRegen 0.29/turn    (no ring)
MPRegen 0.10/turn

%: no passive effects
@: no status effects
A: AC +6, unfitting armour, cold-blooded
a: no special abilities


You were on level 4 of the Dungeon.
You visited 1 branch of the dungeon, and saw 5 of its levels.

You collected 162 gold pieces.

Inventory:

Hand Weapons
 a - a +0 shortbow
 b - a +1 dagger of electrocution (weapon)
 l - a +0 long sword
Armour
 d - a scarf of shadows (worn)
 g - a +0 pair of gloves (worn)
Jewellery
 e - a ring of ice
Scrolls
 c - a scroll of blinking {@r4}
 f - a scroll of immolation
 i - a scroll of identify {@r1}
 k - 2 scrolls of fog
 v - a scroll of butterflies
Potions
 h - 3 potions of heal wounds {@q2}
 j - a potion of curing {unknown}
 n - a potion of degeneration {unknown}


   Skills:
 - Level 6.5 Fighting
 + Level 2.6 Long Blades
 - Level 3.6 Ranged Weapons
 - Level 2.4 Dodging
 - Level 1.9 Stealth


You had 5 spell levels left.
You didn't know any spells.
Your spell library contained the following spells:

 Spells                   Type           Power      Damage    Failure   Level
 Magic Dart               Conj           0%         1d3       36%         1
 Ignite Poison            Fire/Tmut/Pois 0%         N/A       75%         3
 Sticky Flame             Conj/Fire      0%         2d3       98%         4
 Freezing Cloud           Conj/Ice/Air   0%         6-21      100%        5
 Ignition                 Fire           0%         3d3       100%        8


Dungeon Overview and Level Annotations

Branches:
Dungeon (5/15)
 Temple: D:4-7

Altars:
Cheibriados
Kikubaaqudgha
Qazlal
Yredelemnul

Annotations:
D:2 1 runed translucent door, Crazy Yiuf
D:4 Pikel


Innate Abilities, Weirdness & Mutations

Your plain brown scales are hard. (AC +6)
You cannot fit into any form of body armour.
You are cold-blooded and may be slowed by cold attacks.


Message History

Pikel attacks as you move away!
Pikel hits you with a +1 whip of flaming.
Pikel burns you.
You take 7 damage, and have 22/58 hp.
You hear the crackle of electricity.
b - a +1 dagger of electrocution (weapon)
You hit Pikel but do no damage.
Your tail-slap misses Pikel.
Pikel is lightly wounded.
Pikel hits you with a +1 whip of flaming.
Pikel burns you.
You take 4 damage, and have 18/58 hp.
You hit Pikel but do no damage. You tail-slap Pikel.
Pikel is lightly wounded.
Pikel says, "You'll rust in Dis!"
Pikel barely misses you.
You hit Pikel but do no damage.
Pikel is lightly wounded.
Pikel barely misses you.
You hit Pikel but do no damage. Pikel closely misses you.
You hit Pikel. Lightning courses through Pikel!!
Your tail-slap misses Pikel.
Pikel is heavily wounded.
Pikel closely misses you.
You hit Pikel. Lightning courses through Pikel!
Pikel is almost dead.
Pikel hits you with a +1 whip of flaming.
* * * LOW HITPOINT WARNING * * *
Pikel burns you.
* * * LOW HITPOINT WARNING * * *
You take 6 damage, and have 13/58 hp.
You hit Pikel but do no damage.
Pikel is almost dead.
Pikel hits you with a +1 whip of flaming.
* * * LOW HITPOINT WARNING * * *
Pikel burns you.
* * * LOW HITPOINT WARNING * * *
You take 8 damage, and have 5/58 hp.
You hit Pikel but do no damage.
Pikel is almost dead.
Pikel hits you with a +1 whip of flaming!
You die...

.....#......#....#...#........#
.....#......#....#...#.<......#
.....#...[..#....#..##........#
.....'......#....#..###'#######
#....#......#....#...#<).#
######......#....#...#...#
.'..........#....#...#...#
.#..........#....K5..#...#
##..##..##+##...@##'######
######..#.........#.##
.#......'.........#..#
.#......#.........#..#
#########.........#..# ####
...........#####+##..######..#
...........#..........>......#
...........'.................#
...........#.................#


You could see Pikel and a lemure.

Vanquished Creatures
  A water moccasin (D:4)
  A black bear (D:4)
  A hound (D:4)
  An iguana (D:4)
  8 adders
  3 dart slugs
  2 orcs
  8 ball pythons
  7 endoplasms
  7 giant cockroaches
  3 goblins
  9 hobgoblins
  12 kobolds
  7 quokkas
  5 bats
  3 frilled lizards
  8 rats
  A spectral hobgoblin (D:1)
87 creatures vanquished.

Notes
Turn   | Place    | Note
-------+----------+-------------------------------------------
     0 | D:1      | Ofeo the Draconian Hunter began the quest for the Orb.
     0 | D:1      | Reached XP level 1. HP: 17/17 MP: 1/1
    33 | D:1      | Reached skill level 1 in Stealth
    71 | D:1      | Reached XP level 2. HP: 25/25 MP: 2/2
   146 | D:1      | You fall into a shaft and drop 1 floor!
   424 | D:2      | Found a runed translucent door.
   425 | D:2      | Noticed Crazy Yiuf
   532 | D:2      | Reached XP level 3. HP: 30/30 MP: 3/3
   555 | D:2      | Reached skill level 3 in Fighting
  1222 | D:1      | Got Vehumet's Grimoire of Power
  1248 | D:1      | Reached XP level 4. HP: 40/40 MP: 4/4
  1355 | D:1      | Found a faded altar of an unknown god.
  1656 | D:1      | Reached skill level 4 in Fighting
  2354 | D:3      | Reached XP level 5. HP: 47/47 MP: 5/5
  2507 | D:3      | Reached skill level 5 in Fighting
  2543 | D:3      | Found a basalt altar of Yredelemnul.
  3341 | D:4      | Noticed a black bear
  3353 | D:4      | Killed a black bear
  3354 | D:4      | Reached skill level 6 in Fighting
  3354 | D:4      | Reached XP level 6. HP: 41/58 MP: 6/6
  3733 | D:4      | Found a snail-covered altar of Cheibriados.
  3868 | D:4      | Found a stormy altar of Qazlal.
  3878 | D:4      | Found an ancient bone altar of Kikubaaqudgha.
  3964 | D:4      | Noticed a water moccasin
  3989 | D:4      | Killed a water moccasin
  4401 | D:5      | Entered Level 5 of the Dungeon
  4413 | D:5      | Noticed Pikel
  4449 | D:4      | Slain by Pikel

Illustrated notes

Levels and vault maps discovered:
D:1:      minmay_arrival_semitransparent, layout_basic,
          dreamdust_ecumenical_altar_drowned_temple, grunt_decor_junction
D:2:      layout_loops_cross, minmay_heptomino_h4, uniq_crazy_yiuf_cottage
D:3:      layout_basic, yredelemnul_altar_generic, st_stairs_4
D:4:      layout_gridville, mainiacjoe_overflow_six_doors_small,
          mainiacjoe_overflow_large_starburst
D:5:      layout_cave_pods, minmay_temple_entry_purple_smoke, uniq_pikel,
          uniq_prince_ribbit1, uniq_sigmund

Skill      XL: |  1  2  3  4  5  6 |
---------------+-------------------+-----
Stealth        | 1 |  1.9
Dodging        | 2 |  2.4
Fighting       | 3 4 6 |  6.5
Long Blades    | 2 |  2.6
Ranged Weapons | |  3.6

Action                     |  1- 3 |  4- 6 || total
---------------------------+-------+-------++-------
  Melee: Dagger            |       |    34 ||    34
         Tailslap          |       |     5 ||     5
   Fire: Shortbow          |   116 |   154 ||   270
    Use: Scroll            |     2 |     4 ||     6
         Potion            |       |     2 ||     2
 Armour: Skin              |    29 |    29 ||    58
  Dodge: Dodged            |    35 |    72 ||   107

Table legend: (Time is in decaauts)
 A = Elapsed time spent in this place.
 B = Non-inter-level travel time spent in this place.
 C = Inter-level travel time spent in this place.
 D = Time resting spent in this place.
 E = Time spent auto-exploring this place.
 F = Levels seen in this place.
 G = Mean time per level.
                   A        B        C        D        E       F      G
               +--------+--------+--------+--------+--------+-----+--------+
         Total |   4515 |   4249 |    266 |    371 |   3166 |   5 |  903.0 |
       Dungeon |   4515 |   4249 |    266 |    371 |   3166 |   5 |  903.0 |
               +--------+--------+--------+--------+--------+-----+--------+

Top non-repeatable levels by time:
     D:4: 1449 daAuts
     D:2: 1063 daAuts
     D:3: 1039 daAuts
     D:1: 932 daAuts
     D:5: 29 daAuts
